 Dungeon Crawl Stone Soup version 0.29.1-2-gbd0b4ee654 (webtiles) character file.

Game seed: 13670748896432004029

9352 Ivernyr the Tainter (level 11, -1/103 HPs)
             Began as a Naga Venom Mage on Nov 2, 2022.
             Was an Elder of Cheibriados.
             Slain by a minotaur
             ... wielding the +6 mace of the Sky {vorpal, rF+ Will+ Str+3 Int+3}
              (4 damage)
             ... in a Gauntlet.
             The game lasted 00:48:20 (14467 turns).

Ivernyr the Tainter (Naga Venom Mage)              Turns: 14467, Time: 00:48:21

Health: -1/103     AC: 13    Str: 20    XL:     11   Next: 45%
Magic:  18/22      EV: 11    Int: 23    God:    Cheibriados [****..]
Gold:   575        SH: 10    Dex: 34    Spells: 15/25 levels left

rFire   . . .      SeeInvis +   P - +7 falchion of the Ghost {flame, rC+ Dex+4}
rCold   + + .      Faith    .   q - +2 buckler
rNeg    + . .      Spirit   .   a - +2 robe {Archmagi}
rPois   +          Reflect  .   v - +2 hat
rElec   .          Harm     .   d - +2 cloak {rCorr}
rCorr   +          Rampage  .   g - +0 pair of gloves
Will    +....      Archmagi +   (no barding)
Stlth   +++....... NoTele   +   (no amulet)
HPRegen 0.27/turn               h - ring of protection from cold
MPRegen 0.18/turn               s - ring "Kasepu" {rN+ Int-5 Dex+9 Slay+4 SInv}

@: very slow
A: AC +3, large, see invisible, deformed body, poison resistance, slowness 2,
spit poison 1, naga tail 1
a: Spit Poison, Renounce Religion, Bend Time, Temporal Distortion, Slouch


You were in a Gauntlet.
You worshipped Cheibriados.
Cheibriados was greatly pleased with you.
You visited 3 branches of the dungeon, and saw 11 of its levels.
You also visited: Gauntlet.

You collected 597 gold pieces.
You spent 22 gold pieces at shops.

Inventory:

Hand Weapons
 P - the +7 falchion of the Ghost (weapon) {flame, rC+ Dex+4}
   (You took it off a centaur on level 9 of the Dungeon)

   It burns those it strikes, dealing additional fire damage.
   Big, fiery blades are also staple armaments of hydra-hunters.
   Dex:       It affects your dexterity (+4).
   rC:        It protects you from cold.
Missiles
 C - 2 throwing nets
Armour
 a - a +2 robe of the Archmagi (worn)
 d - a +2 cloak of preservation (worn)
 g - a +0 pair of gloves (worn)
 q - a +2 buckler (worn)
 v - a +2 hat (worn)
Jewellery
 h - a ring of protection from cold (left hand)
 i - a ring of positive energy
 s - the ring "Kasepu" (right hand) {rN+ Int-5 Dex+9 Slay+4 SInv}
   (You found it in a Gauntlet)

   [ring of slaying]

   Int:       It affects your intelligence (-5).
   Dex:       It affects your dexterity (+9).
   Slay:      It affects your accuracy & damage with ranged weapons and melee
   (+4).
   rN:        It protects you from negative energy.
   SInv:      It lets you see invisible.
 I - a ring of positive energy
Wands
 B - a wand of flame (14)
 F - a wand of digging (6)
 G - a wand of paralysis (13)
 J - a wand of iceblast (23)
 N - a wand of mindburst (6)
Scrolls
 c - 2 scrolls of enchant armour
 e - 6 scrolls of teleportation
 j - 3 scrolls of amnesia
 k - 3 scrolls of poison {unknown}
 l - 2 scrolls of blinking {unknown}
 n - 3 scrolls of immolation {unknown}
 o - 2 scrolls of silence {unknown}
 p - 4 scrolls of noise {unknown}
 u - 3 scrolls of magic mapping {unknown}
 E - a scroll of fog {unknown}
 L - a scroll of acquirement {unknown}
 O - 2 scrolls of identify
Potions
 b - 2 potions of magic
 f - 2 potions of curing
 m - 2 potions of haste {unknown}
 r - a potion of might {unknown}
 t - 3 potions of attraction
 w - 2 potions of berserk rage {unknown}
 x - 2 potions of lignification {unknown}
 z - 2 potions of heal wounds {unknown}
 A - 2 potions of brilliance {unknown}
 D - a potion of mutation {unknown}
 H - 2 potions of degeneration {unknown}
 K - a potion of ambrosia {unknown}
 M - a potion of flight {unknown}


   Skills:
 + Level 7.8 Fighting
 + Level 4.9 Armour
 - Level 2.0 Dodging
 - Level 3.0 Stealth
 - Level 4.1 Shields
 + Level 7.8 Spellcasting
 + Level 6.0 Conjurations
 - Level 1.0 Transmutations
 - Level 10.1 Poison Magic
 + Level 6.1 Invocations


You had 15 spell levels left.
You knew the following spells:

 Your Spells              Type           Power      Damage    Failure   Level
a - Sting                 Tmut/Pois      100%       1d8       1%          1
b - Poisonous Vapours     Pois/Air       96%        N/A       1%          2
c - Olgreb's Toxic Radia  Pois           70%        N/A       1%          4
d - Mephitic Cloud        Conj/Pois/Air  50%        N/A       3%          3

Your spell library contained the following spells:

 Spells                   Type           Power      Damage    Failure   Level
 Confusing Touch          Hex            13%        N/A       26%         3
 Yara's Violent Unravell  Hex/Tmut       8%         3d5       89%         5
 Enfeeble                 Hex            6%         N/A       100%        7


Dungeon Overview and Level Annotations

Branches:
Dungeon (9/15)             Temple (1/1) D:7            Lair (1/5) D:9
    Orc (0/2) D:9         Gauntlet (1/1)

Altars:
Ashenzari
Cheibriados
Dithmenos
Elyvilon
Fedhas
Gozag
Hepliaklqana
Kikubaaqudgha
Makhleb
Nemelex Xobeh
Okawaru
Qazlal
Ru
Sif Muna
Trog
Uskayaw
Vehumet
Wu Jian
Xom
Yredelemnul
Zin
The Shining One

Shops:
D:3 :   D:6 ?*   D:8 !

Annotations:
D:3 2 runed translucent doors, Ivernyr's ghost, amateur OpTm Gauntlet 6 transporters


Innate Abilities, Weirdness & Mutations

Your serpentine skin is tough. (AC +3)
You have supernaturally acute eyesight. (SInv)
Armour fits poorly on your strangely shaped body.
Your system is resistant to poisons. (rPois)
You cover ground very slowly.
You can spit poison.
You have a snake-like lower body.


Message History

Okay, then.
O - 2 scrolls of identify (gained 1)
You see here a +0 chain mail.
y - the amulet of the King {RegenMP Rampage} You drop the amulet of the King {RegenMP Rampage}.
You see here a +0 chain mail.
There is a transporter here.
You enter the transporter and appear at another place.
You open the door.
A minotaur comes into view.
It is wielding the +6 mace of the Sky {vorpal, rF+ Will+ Str+3 Int+3} and quivering silver javelins.
The minotaur moves out of view.
Found a helmet.
Found a gate leading back out of this place.
There is an open door here.
Casting: Sting (safe; 1% risk of failure)
Confirm with . or Enter, or press ? or * to list all spells.
Aiming: Poisonous Vapours (safe; 1% risk of failure)
Press: ? - help, Dir - move target, f - minotaur
Aim: a minotaur, wielding the +6 mace of the Sky {vorpal, rF+ Will+ Str+3 Int+3}, wearing a +0 plate armour, wearing a ring of flight and quivering silver javelins (wandering, hasn't noticed you)
You feel a surge of power!
Poisonous vapours surround the minotaur!
The minotaur is poisoned.
The minotaur bellows!
The minotaur throws a silver javelin.
The silver javelin pierces through you!!
Casting: Poisonous Vapours (safe; 1% risk of failure)
Confirm with . or Enter, or press ? or * to list all spells.
Aiming: Poisonous Vapours (safe; 1% risk of failure)
Press: ? - help, Dir - move target, f/p - minotaur
Aim: a minotaur, wielding the +6 mace of the Sky {vorpal, rF+ Will+ Str+3 Int+3}, wearing a +0 plate armour, wearing a ring of flight and quivering silver javelins (very poisoned)
You feel a surge of power!
Poisonous vapours surround the minotaur!
The minotaur looks as sick as possible!
The minotaur throws a silver javelin.
The silver javelin pierces through you!!
Casting: Poisonous Vapours (safe; 1% risk of failure)
Confirm with . or Enter, or press ? or * to list all spells.
Okay, then.
The minotaur hits you with the +6 mace of the Sky {vorpal, rF+ Will+ Str+3 Int+3}!!!
* * * LOW HITPOINT WARNING * * *
You die...

######..##
######..##§..##
#....##..###..#©
#.##.##..##§..##
#.##.....###..## ##
###.##.##....#..#" #≈≈
#.#....##...©#..##
#≈≈.#.#.##.##....#.∩..
#≈∩.H@'.##.......#....
#≈≈.#.#.##.##...©#..##
#≈≈ #.#....##....#..#3
## ###.##.##..###..#3
#.##.....##≈..#.
#.##.##..###..#)
#....##..##≈..#©
###### ..###..#=
#≈..#$


You could see a minotaur (extremely poisoned).

Vanquished Creatures
  A tengu warrior (D:9)
  An obsidian statue (Gauntlet)
  An ugly thing (D:9)
  A cyclops (D:9)
  Grinder (D:4)
  Prince Ribbit (D:5)
  A dream sheep (shapeshifter) (D:9)
  Sigmund (D:4)
  2 shadows (D:9)
  3 wyverns
  6 yaks (D:9)
  A basilisk (Lair:1)
  2 steam dragons
  3 swamp worms (Gauntlet)
  2 water moccasins
  An acid dragon (D:9)
  2 sky beasts (D:7)
  An ice beast (D:6)
  A black bear (D:8)
  3 orc warriors
  3 ogres
  A centaur (D:9)
  A phantom (D:6)
  4 kobold brigands
  4 bullfrogs
  A necrophage (D:7)
  2 scorpions
  8 wights (D:9)
  16 killer bees
  2 howler monkeys
  2 electric eels (D:9)
  2 jellies
  3 gnoll boudas
  4 orc priests
  5 hounds
  2 iguanas
  Jessica (D:3)
  4 orc wizards
  Natasha (thrice) (D:3)
  3 small abominations (Gauntlet)
  Robin (D:3)
  14 gnolls
  7 adders
  A shadow imp (D:8)
  2 ufetubi (D:6)
  2 worms
  A dart slug (D:1)
  24 orcs
  2 ball pythons
  10 endoplasms
  3 giant cockroaches
  6 hobgoblins
  6 jackals
  7 kobolds
  5 quokkas
  6 bats
  A frilled lizard (D:3)
  13 goblins
  8 rats
225 creatures vanquished.

Vanquished Creatures (others)
  10 fungi
  2 plants (D:9)
12 creatures vanquished.

Grand Total: 237 creatures vanquished

Notes
Turn   | Place    | Note
-------+----------+-------------------------------------------
     0 | D:1      | Ivernyr the Naga Venom Mage began the quest for the Orb.
     0 | D:1      | Reached XP level 1. HP: 15/15 MP: 3/3
   320 | D:1      | Reached XP level 2. HP: 24/24 MP: 3/5
   323 | D:1      | Learned a level 2 spell: Poisonous Vapours
  1283 | D:2      | Found a basalt altar of Yredelemnul.
  1288 | D:2      | Reached XP level 3. HP: 28/30 MP: 4/6
  1382 | D:2      | Reached skill level 1 in Fighting
  1539 | D:2      | Identified the +2 pair of boots "Ruptus" {MP+9}
  1791 | D:2      | Reached skill level 5 in Poison Magic
  2425 | D:3      | Noticed Robin
  2425 | D:3      | Noticed Jessica
  2438 | D:3      | Reached XP level 4. HP: 33/38 MP: 4/7
  2642 | D:3      | Noticed Natasha
  2653 | D:3      | Killed Natasha
  2774 | D:3      | Noticed Natasha
  2786 | D:3      | Killed Natasha
  2787 | D:3      | Reached XP level 5. HP: 43/45 MP: 4/9
  2797 | D:3      | Killed Jessica
  2798 | D:3      | Reached skill level 1 in Shields
  2848 | D:3      | Noticed Natasha
  2858 | D:3      | Killed Natasha
  2927 | D:3      | Reached skill level 6 in Poison Magic
  3179 | D:3      | Killed Robin
  3180 | D:3      | Reached XP level 6. HP: 40/52 MP: 0/10
  3265 | D:3      | Found a runed translucent door.
  3268 | D:3      | Noticed Ivernyr's ghost (amateur OpTm)
  3333 | D:3      | Found Rahixt's Book Shoppe.
  3580 | D:3      | Found a runed translucent door.
  3640 | D:4      | Found an ornate altar of the Wu Jian Council.
  3649 | D:4      | Noticed Sigmund
  4683 | D:4      | Found a hazy altar of Hepliaklqana.
  4701 | D:4      | Noticed Grinder
  4725 | D:4      | Killed Grinder
  4726 | D:4      | Reached skill level 7 in Poison Magic
  4726 | D:4      | Reached XP level 7. HP: 32/62 MP: 0/12
  4877 | D:4      | Learned a level 4 spell: Olgreb's Toxic Radiance
  4959 | D:4      | Killed Sigmund
  5034 | D:4      | Learned a level 3 spell: Mephitic Cloud
  5037 | D:5      | Entered Level 5 of the Dungeon
  5079 | D:5      | Reached skill level 8 in Poison Magic
  5131 | D:5      | Found an opulent altar of Gozag.
  5134 | D:5      | Found a basalt altar of Yredelemnul.
  5164 | D:5      | Found an iron altar of Okawaru.
  5165 | D:5      | Found a bloodstained altar of Trog.
  5165 | D:5      | Found a shimmering blue altar of Sif Muna.
  5165 | D:5      | Found a hide-covered altar of Uskayaw.
  5165 | D:5      | Found a stormy altar of Qazlal.
  5168 | D:5      | Found a white marble altar of Elyvilon.
  5594 | D:5      | Noticed Prince Ribbit
  5611 | D:5      | Killed Prince Ribbit
  5612 | D:5      | Reached XP level 8. HP: 7/72 MP: 6/14
  6086 | D:5      | Reached skill level 9 in Poison Magic
  6663 | D:6      | Found the +18 Lear's hauberk
  6665 | D:6      | Found Nozxe's Magic Scroll Boutique.
  6765 | D:6      | Bought a scroll of identify for 22 gold pieces
  6870 | D:6      | Reached skill level 10 in Poison Magic
  6895 | D:6      | Reached XP level 9. HP: 69/79 MP: 13/16
  6954 | D:6      | Reached skill level 5 in Spellcasting
  7142 | D:6      | Reached skill level 1 in Conjurations
  7198 | D:6      | Found Duosm's Assorted Antiques.
  7422 | D:6      | Reached skill level 5 in Fighting
  7582 | D:6      | Reached skill level 1 in Armour
  7675 | D:7      | Found a sacrificial altar of Ru.
  8166 | D:7      | Found a staircase to the Ecumenical Temple.
  8207 | Temple   | Entered the Ecumenical Temple
  8367 | Temple   | Became a worshipper of Cheibriados the Contemplative
  8764 | D:7      | Reached skill level 1 in Invocations
  9204 | D:8      | Reached * piety under Cheibriados
  9714 | D:8      | Reached XP level 10. HP: 82/91 MP: 12/19
  9963 | D:8      | Found Vaethik's Distillery.
 10209 | D:8      | Reached ** piety under Cheibriados
 10753 | D:9      | Found a staircase to the Orcish Mines.
 11545 | D:9      | Noticed a lindwurm
 11547 | D:9      | Noticed a cyclops
 11554 | D:9      | Noticed a tengu warrior
 11570 | D:9      | Killed a tengu warrior
 11573 | D:9      | HP: 1/92 [cyclops (26)]
 11581 | D:9      | Killed a cyclops
 11762 | D:9      | Noticed a cyan ugly thing
 11771 | D:9      | Killed a cyan ugly thing
 11772 | D:9      | Reached skill level 5 in Conjurations
 11772 | D:9      | Reached skill level 5 in Invocations
 11780 | D:9      | Reached XP level 11. HP: 46/100 MP: 15/21
 12127 | D:9      | Reached *** piety under Cheibriados
 12257 | D:9      | Found a staircase to the Lair.
 12596 | D:9      | Identified the +7 falchion of the Ghost {flame, rC+ Dex+4}
 13450 | Lair:1   | Entered Level 1 of the Lair of Beasts
 13499 | Lair:1   | Found a gate leading to a gauntlet.
 13505 | Gauntlet | Entered a Gauntlet
 13505 | Gauntlet | Found a transporter.
 13505 | Gauntlet | Found a transporter.
 13505 | Gauntlet | Found a transporter.
 13506 | Gauntlet | Found a transporter.
 13507 | Gauntlet | Found a transporter.
 13546 | Gauntlet | Found a transporter.
 13549 | Gauntlet | Found a transporter.
 13553 | Gauntlet | Noticed a sixfirhy
 13556 | Gauntlet | Noticed a sixfirhy
 13564 | Gauntlet | Found a transporter.
 13583 | Gauntlet | Found a transporter.
 13585 | Gauntlet | Noticed an obsidian statue
 13590 | Gauntlet | Found a transporter.
 13590 | Gauntlet | Found a transporter.
 13599 | Gauntlet | Found a transporter.
 13868 | Gauntlet | Reached **** piety under Cheibriados
 14126 | Gauntlet | Identified the ring "Kasepu" {rN+ Int-5 Dex+9 Slay+4 SInv}
 14147 | Gauntlet | Killed an obsidian statue
 14445 | Gauntlet | Identified the amulet of the King {RegenMP Rampage}
 14463 | Gauntlet | Identified the +6 mace of the Sky {vorpal, rF+ Will+ Str+3
                  | Int+3}
 14463 | Gauntlet | Noticed a minotaur
 14467 | Gauntlet | HP: 3/103 [minotaur/the +6 mace of the Sky {vorpal, rF+
                  | Will+ Str+3 Int+3} (36)]
 14467 | Gauntlet | Slain by a minotaur

Illustrated notes

Levels and vault maps discovered:
D:1:      shiori_shiawase, layout_loops_ring, serial_forest,
          infiniplex_forest_clump_curved, infiniplex_forest_lined_1,
          infiniplex_forest_straight_3, infiniplex_forest_lined_room_2,
          infiniplex_forest_end_2, infiniplex_forest_lined_corner
D:2:      layout_basic, basic_altar, grunt_decor_resistance
D:3:      layout_loops_cross, serial_shops, nicolae_shop_hallway_plus,
          ebering_ghost_sewer_f, uniq_robin, uniq_natasha, uniq_jessica
D:4:      layout_basic, nzn_hepliaklqana_mist_gate,
          mainiacjoe_overflow_boulevard, serial_co_window_serial,
          co_window_paths_a, co_window_of_opportunity_a,
          co_window_of_opportunity_a, co_window_of_opportunity_a,
          co_window_paths_b, co_window_paths_c, co_window_2corner,
          co_window_broadway_b, co_window_2corner, glass_columns_b,
          glass_columns_b, glass_columns_a, glass_columns_b, glass_columns_a,
          hangedman_abyss_or_decor_passed, uniq_sigmund, uniq_grinder
D:5:      layout_loops_cross, minitemple, uniq_prince_ribbit1
D:6:      layout_basic, serial_shops, shop, kennysheep_mini, grunt_ministairs_8
D:7:      layout_basic, amcnicky_altar_gilded, minmay_temple_entry_waves
D:8:      layout_gridville, serial_shops, nicolae_shop_advertising_works
          [nicolae_subvault_shop_adworks]
D:9:      nzn_winding_woodlands_medium [nzn_winding_woodlands_5x5_perimeter,
          nzn_winding_woodlands_5x15_pockets, nzn_winding_woodlands_5x5_three,
          nzn_winding_woodlands_5x5_checkerboard,
          nzn_winding_woodlands_center_triple_pond,
          nzn_winding_woodlands_5x5_cross, nzn_winding_woodlands_5x5_open_star,
          nzn_winding_woodlands_5x15_sidewinder,
          nzn_winding_woodlands_5x5_closed_star], layout_loops_corners,
          dpeg_oklobed_lair, orc_0_dummy, serial_bayou_pond_a
Temple:   chequers_temple_sunken
Lair:1:   layout_chaotic_city, gauntlet_entry_generic, grunt_megastairs_1,
          uniq_gastronok, uniq_joseph
Gauntlet: minmay_gauntlet_mixed_big_or_small [nicolae_gauntlet_arena_t_cross,
          minmay_gauntlet_arena_77_p_blocks, gammafunk_gauntlet_arena_corners,
          minmay_gauntlet_arena_77_checkered, nicolae_gauntlet_arena_quarters,
          minmay_gauntlet_arena_77_tiled_triplets, gauntlet_exit_watery]

Skill      XL: |  1  2  3  4  5  6  7  8  9 10 11 |
---------------+----------------------------------+-----
Fighting       | 1 2 3 4 5 7 |  7.8
Dodging        | 2 |  2.0
Poison Magic   | 5 6 7 8 10 | 10.1
Shields        | 1 2 3 4 |  4.1
Spellcasting   | 3 4 6 7 |  7.8
Conjurations   | 3 5 6 |  6.0
Armour         | 2 4 |  4.9
Invocations    | 2 5 6 |  6.1
Stealth        | |  3.0
Transmutations | |  1.0

Action                   |  1- 3 |  4- 6 |  7- 9 | 10-12 || total
-------------------------+-------+-------+-------+-------++-------
Melee: Unarmed           |    44 |    56 |       |       ||   100
       Flail             |       |    31 |   105 |   110 ||   246
       Falchion          |       |       |       |    43 ||    43
 Cast: Sting             |    31 |    80 |    88 |    48 ||   247
       Poisonous Vapours |     3 |     1 |    35 |    53 ||    92
       Olgreb's Toxic Ra |       |       |    12 |    12 ||    24
       Mephitic Cloud    |       |       |     2 |       ||     2
Invok: Bend Time         |       |       |       |     1 ||     1
 Abil: Spit Poison       |    26 |    24 |    28 |     7 ||    85
  Use: Scroll            |       |       |    10 |     1 ||    11
       Potion            |       |       |       |     3 ||     3
 Stab: Sleeping          |       |       |       |     1 ||     1
Armor: Robe              |     5 |    54 |    60 |    79 ||   198
Dodge: Dodged            |    23 |    48 |    62 |   110 ||   243
Block: Buckler           |     1 |    35 |    47 |    81 ||   164
